New York Rangers vs Philadelphia Flyers
Created - Wednesday, November 29, 2023 at 07:45
Goals
|
| New York Rangers |
0 |
2 |
2 |
0 |
2 |
5 |
| Philadelphia Flyers |
1 |
1 |
2 |
0 |
1 |
4 |
|
Shots
|
| New York Rangers |
16 |
7 |
11 |
1 |
5 |
35 |
| Philadelphia Flyers |
15 |
14 |
9 |
1 |
5 |
39 |
|
1st period
1. Philadelphia Flyers , Radek Faksa 7 (Oliver Ekman-Larsson 19, Marcus Johansson 27) at 13:52
Penalties :
No Penalty
2nd period
2. Philadelphia Flyers , Matt Duchene 22 (Auston Matthews 40, Bryan Rust 20) at 5:31
3. New York Rangers , David Kampf 12 (Conor Garland 21, Cole Caufield 26) at 7:09
4. New York Rangers , Nathan MacKinnon 31 (Mathew Barzal 36) at 9:59
Penalties :
No Penalty
3rd period
5. Philadelphia Flyers , Tyler Johnson 14 (Marcus Johansson 28) at 5:43
6. New York Rangers , Pierre-Luc Dubois 27 (Mikael Granlund 33) at 10:11
7. New York Rangers , Gabriel Landeskog 14 (Mikael Granlund 34) at 12:58 (PP)
8. Philadelphia Flyers , Matt Duchene 23 (Elias Lindholm 39) at 19:57
Penalties :
Jake Allen (PHI) for Slashing (Minor) at 12:48 - Max Pacioretty served the penalty
Overtime #1
No Goal
Penalties :
No Penalty
Shootout
New York Rangers, Artemi Panarin - Shot Misses the Net
Philadelphia Flyers, Auston Matthews - Goal!
New York Rangers, Mikael Granlund - Stopped by Jake Allen
Philadelphia Flyers, Matt Duchene - Shot Misses the Net
New York Rangers, Pierre-Luc Dubois - Goal!
Philadelphia Flyers, Max Pacioretty - Shot Misses the Net
New York Rangers, Mark Giordano - Shot Misses the Net
Philadelphia Flyers, Elias Lindholm - Stopped by Igor Shesterkin
New York Rangers, Nathan MacKinnon - Goal!
Philadelphia Flyers, Vladimir Tarasenko - Shot Misses the Net
Penalties :
No Penalty
Goalie Stats
Igor Shesterkin (NYR), 35 saves from 39 shots - (0.897), W, 40-8-6, 65:00 minutes
Jake Allen (PHI), 31 saves from 35 shots - (0.886), OTL, 14-8-4, 63:18 minutes
Players Stats for New York Rangers
Player Name G A P +/- PIM S H SB GA TA FO MP PP MP PK MP
------------------------------------------------------------------------------------
Adam Larsson 0 0 0 0 0 2 1 1 0 0 0/0 22:55 0:00 0:00
Andre Burakovsky 0 0 0 -1 0 4 0 0 0 0 0/0 12:47 0:10 0:00
Artemi Panarin 0 0 0 -1 0 1 0 0 1 0 0/1 22:34 0:00 0:00
Cam Fowler 0 0 0 0 0 1 0 2 0 3 0/0 22:32 0:00 0:00
Cole Caufield 0 1 1 1 0 3 0 0 0 0 0/0 17:27 0:00 0:00
Conor Garland 0 1 1 1 0 1 0 0 0 0 0/0 9:22 0:00 0:00
David Kampf 1 0 1 0 0 3 0 0 0 1 1/2 10:42 0:10 0:00
Dmitry Kulikov 0 0 0 0 0 0 0 0 0 0 0/0 23:19 0:00 0:00
Filip Chytil 0 0 0 -1 0 0 0 0 0 0 4/8 12:37 0:00 0:00
Gabriel Landeskog 1 0 1 -1 0 4 3 0 0 0 0/0 14:02 0:10 0:00
Jake McCabe 0 0 0 -1 0 1 0 0 0 0 0/0 18:36 0:00 0:00
Mark Giordano 0 0 0 0 0 0 0 3 0 2 0/0 23:20 0:00 0:00
Mathew Barzal 0 1 1 -1 0 3 3 1 0 0 0/1 21:57 0:00 0:00
Matthew Benning 0 0 0 -1 0 2 1 3 0 2 0/0 19:08 0:10 0:00
Mikael Granlund 0 2 2 0 0 2 0 1 1 0 1/1 17:53 0:10 0:00
Nathan MacKinnon 1 0 1 -1 0 2 3 0 1 0 13/33 22:37 0:00 0:00
Pierre-Luc Dubois 1 0 1 1 0 6 1 0 0 1 9/15 17:40 0:00 0:00
Tyler Motte 0 0 0 0 0 0 0 0 0 0 0/0 10:32 0:00 0:00
Players Stats for Philadelphia Flyers
Player Name G A P +/- PIM S H SB GA TA FO MP PP MP PK MP
------------------------------------------------------------------------------------
Artem Zub 0 0 0 0 0 1 4 4 0 0 0/0 21:54 0:00 0:00
Auston Matthews 0 1 1 2 0 2 2 0 1 0 11/15 17:27 0:00 0:00
Ben Chiarot 0 0 0 2 0 0 1 1 0 0 0/0 23:43 0:00 0:10
Bryan Rust 0 1 1 1 0 2 2 0 1 0 1/1 14:16 0:00 0:10
Charles Hudon 0 0 0 -1 0 1 1 0 0 1 3/10 14:03 0:00 0:00
Elias Lindholm 0 1 1 -1 0 4 0 1 2 0 7/14 18:44 0:00 0:00
Erik Gustafsson 0 0 0 -1 0 1 1 2 1 0 0/0 19:23 0:00 0:00
Jesper Fast 0 0 0 -1 0 2 0 0 0 0 1/2 14:03 0:00 0:00
Justin Faulk 0 0 0 2 0 1 1 2 0 0 0/0 23:33 0:00 0:00
Marcus Johansson 0 2 2 2 0 3 0 0 0 0 0/1 15:39 0:00 0:00
Matt Duchene 2 0 2 2 0 7 0 0 1 0 1/2 17:22 0:00 0:00
Matt Roy 0 0 0 -1 0 1 1 1 0 0 0/0 19:33 0:00 0:10
Max Pacioretty 0 0 0 -2 0 0 2 0 1 0 0/0 17:38 0:00 0:00
Oliver Ekman-Larsson 0 1 1 0 0 1 1 0 0 1 0/0 21:54 0:00 0:00
Radek Faksa 1 0 1 2 0 2 0 0 0 0 5/11 14:38 0:00 0:10
Sonny Milano 0 0 0 -1 0 3 1 1 0 0 0/0 14:11 0:00 0:00
Tyler Johnson 1 0 1 2 0 5 1 0 1 1 2/3 15:47 0:00 0:00
Vladimir Tarasenko 0 0 0 -2 0 3 0 0 1 0 2/2 16:02 0:00 0:00
3 Stars
1 - Matt Duchene (PHI)
2 - Tyler Johnson (PHI)
3 - Pierre-Luc Dubois (NYR)
Power Play
New York Rangers - 1 on 1 Attempt(s) - 100.00%
Philadelphia Flyers - 0 on 0 Attempt(s) - 0.00%
Penalty Kill
New York Rangers - 0 on 0 Attempt(s) - 0.00%
- Score 0 goal in Penalty Kill
Philadelphia Flyers - 0 on 1 Attempt(s) - 0.00%
- Score 0 goal in Penalty Kill
Team Stat
New York Rangers - Hits : 12 - Faceoff Wins : 28 - Blocked Shots : 11 - Penalty Minutes : 0
Philadelphia Flyers - Hits : 18 - Faceoff Wins : 33 - Blocked Shots : 12 - Penalty Minutes : 2
Official
Referees : Dave Jackson and Dennis LaRue
Linesman : Steve Barton and Derek Amell
Game Notes
No Game Note
Finance
Level 1 -- Attendance: 4870 (81.17%) -- Ticket Income $472,390
Level 2 -- Attendance: 4017 (80.34%) -- Ticket Income $228,969
Level 3 -- Attendance: 2180 (72.67%) -- Ticket Income $74,120
Level 4 -- Attendance: 3732 (74.64%) -- Ticket Income $85,836
Luxury Box -- Attendance: 854 (85.40%) -- Ticket Income $166,530
Game was played at the Wells Fargo Center.
Total Attendance: 15653 (78.27%)
Total Ticket Income: $1,027,845
Other Income: $359,746
Total Income: $1,387,591
New York Rangers
5 vs 5 Forward
Center Left Wing Right Wing Time % Phy DF OF
1 Nathan MacKinnon Artemi Panarin Mathew Barzal 35 0 1 4
2 Pierre-Luc Dubois Cole Caufield Mikael Granlund 30 1 1 3
3 Filip Chytil Andre Burakovsky Gabriel Landeskog 23 1 2 2
4 David Kampf Conor Garland Tyler Motte 12 1 3 1
5 vs 5 Defense
Defense Defense Time % Phy DF OF
1 Cam Fowler Adam Larsson 35 1 2 2
2 Dmitry Kulikov Mark Giordano 33 1 2 2
3 Matthew Benning Jake McCabe 32 1 2 2
4 Cam Fowler Adam Larsson 0 1 2 2
PowerPlay Forward
Center Left Wing Right Wing Time % Phy DF OF
1 Pierre-Luc Dubois Nathan MacKinnon Artemi Panarin 50 0 1 4
2 Mikael Granlund Gabriel Landeskog David Kampf 50 0 1 4
PowerPlay Defense
Defense Defense Time % Phy DF OF
1 Mathew Barzal Adam Larsson 60 1 1 3
2 Andre Burakovsky Mark Giordano 40 1 1 3
Penalty Kill 4 Players Forward
Center Wing Time % Phy DF OF
1 David Kampf Tyler Motte 50 1 3 1
2 Mikael Granlund Conor Garland 50 1 3 1
Penalty Kill 4 Players Defense
Defense Defense Time % Phy DF OF
1 Matthew Benning Dmitry Kulikov 50 1 3 1
2 Adam Larsson Mark Giordano 50 1 3 1
Penalty Kill - 3 Players Forward
Forward Time % Phy DF OF
1 Mikael Granlund 50 1 2 2
2 David Kampf 50 1 2 2
Penalty Kill - 3 Players Defense
Defense Defense Time % Phy DF OF
1 Matthew Benning Dmitry Kulikov 50 1 3 1
2 Adam Larsson Mark Giordano 50 1 3 1
4 vs 4 Forward
Center Wing Time % Phy DF OF
1 Nathan MacKinnon Artemi Panarin 50 0 2 3
2 Pierre-Luc Dubois Mathew Barzal 50 0 2 3
4 vs 4 Defense
Defense Defense Time % Phy DF OF
1 Cam Fowler Adam Larsson 50 1 2 2
2 Dmitry Kulikov Mark Giordano 50 1 2 2
Last Minutes Offensive
Center Left Wing Right Wing Defense Defense
Nathan MacKinnon Artemi Panarin Pierre-Luc Dubois Cam Fowler Adam Larsson
Last Minutes Defensive
Center Left Wing Right Wing Defense Defense
David Kampf Tyler Motte Mikael Granlund Dmitry Kulikov Adam Larsson
Goaltenders
Starting : Igor Shesterkin
Backup : Tristan Jarry
Extra Forwards
Normal : Nathan MacKinnon, Pierre-Luc Dubois, Gabriel Landeskog - PP : Gabriel Landeskog, Nathan MacKinnon - PK : David Kampf
Extra Defensemen
Normal : Matthew Benning, Jake McCabe, Dmitry Kulikov - PP : Matthew Benning - PK : Jake McCabe, Dmitry Kulikov
Penalty Shots
Artemi Panarin, Mikael Granlund, Pierre-Luc Dubois, Mark Giordano, Nathan MacKinnon
Philadelphia Flyers
5 vs 5 Forward
Center Left Wing Right Wing Time % Phy DF OF
1 Auston Matthews Matt Duchene Bryan Rust 25 0 2 3
2 Elias Lindholm Max Pacioretty Vladimir Tarasenko 25 0 2 3
3 Radek Faksa Marcus Johansson Tyler Johnson 25 0 2 3
4 Charles Hudon Jesper Fast Sonny Milano 25 0 3 2
5 vs 5 Defense
Defense Defense Time % Phy DF OF
1 Justin Faulk Ben Chiarot 35 1 2 2
2 Oliver Ekman-Larsson Artem Zub 35 1 2 2
3 Erik Gustafsson Matt Roy 30 1 2 2
4 Justin Faulk Ben Chiarot 0 1 2 2
PowerPlay Forward
Center Left Wing Right Wing Time % Phy DF OF
1 Auston Matthews Max Pacioretty Matt Duchene 50 0 1 4
2 Elias Lindholm Marcus Johansson Vladimir Tarasenko 50 0 1 4
PowerPlay Defense
Defense Defense Time % Phy DF OF
1 Justin Faulk Oliver Ekman-Larsson 50 0 2 3
2 Erik Gustafsson Matt Roy 50 0 2 3
Penalty Kill 4 Players Forward
Center Wing Time % Phy DF OF
1 Radek Faksa Bryan Rust 50 0 4 1
2 Elias Lindholm Jesper Fast 50 0 4 1
Penalty Kill 4 Players Defense
Defense Defense Time % Phy DF OF
1 Ben Chiarot Matt Roy 50 0 5 0
2 Artem Zub Justin Faulk 50 0 5 0
Penalty Kill - 3 Players Forward
Forward Time % Phy DF OF
1 Radek Faksa 50 0 5 0
2 Elias Lindholm 50 0 5 0
Penalty Kill - 3 Players Defense
Defense Defense Time % Phy DF OF
1 Ben Chiarot Matt Roy 50 0 5 0
2 Artem Zub Justin Faulk 50 0 5 0
4 vs 4 Forward
Center Wing Time % Phy DF OF
1 Auston Matthews Matt Duchene 50 0 2 3
2 Elias Lindholm Max Pacioretty 50 0 2 3
4 vs 4 Defense
Defense Defense Time % Phy DF OF
1 Justin Faulk Ben Chiarot 50 1 2 2
2 Oliver Ekman-Larsson Artem Zub 50 1 2 2
Last Minutes Offensive
Center Left Wing Right Wing Defense Defense
Auston Matthews Elias Lindholm Matt Duchene Justin Faulk Oliver Ekman-Larsson
Last Minutes Defensive
Center Left Wing Right Wing Defense Defense
Elias Lindholm Radek Faksa Bryan Rust Ben Chiarot Matt Roy
Goaltenders
Starting : Jake Allen
Backup : Connor Ingram
Extra Forwards
Normal : Auston Matthews, Elias Lindholm, Matt Duchene - PP : Auston Matthews, Elias Lindholm - PK : Elias Lindholm
Extra Defensemen
Normal : Justin Faulk, Oliver Ekman-Larsson, Erik Gustafsson - PP : Justin Faulk - PK : Ben Chiarot, Matt Roy
Penalty Shots
Auston Matthews, Matt Duchene, Max Pacioretty, Elias Lindholm, Vladimir Tarasenko
% Time on Ice - New York Rangers
Lines # - Real PCT - Wanted PCT - Time Play
Normal Forward
1 - 35% - 35% - 20:29
2 - 28% - 30% - 16:12
3 - 22% - 23% - 12:37
4 - 16% - 12% - 9:22
Normal Defense
1 - 34% - 35% - 19:45
2 - 35% - 33% - 20:22
3 - 31% - 32% - 18:02
4 - 1% - 0% - 0:31
PP Forward
1 - 0% - 50% - 0:00
2 - 100% - 50% - 0:10
PP Defense
1 - 0% - 60% - 0:00
2 - 100% - 40% - 0:10
PK Forward
1 - 0% - 50%
2 - 0% - 50%
PK Defense
1 - 0% - 50%
2 - 0% - 50%
PK3 Forward
1 - 0% - 50%
2 - 0% - 50%
PK3 Defense
1 - 0% - 50%
2 - 0% - 50%
44 Forward
1 - 58% - 50% - 2:53
2 - 42% - 50% - 2:07
44 Defense
1 - 53% - 50% - 2:39
2 - 47% - 50% - 2:21
Last Minute Offensive - 0:00
Last Minute Defensive - 1:10
Total
Forward - 65:00
Defense - 65:00
|
% Time on Ice - Philadelphia Flyers
Lines # - Real PCT - Wanted PCT - Time Play
Normal Forward
1 - 24% - 25% - 14:06
2 - 27% - 25% - 16:02
3 - 25% - 25% - 14:28
4 - 24% - 25% - 14:03
Normal Defense
1 - 33% - 35% - 19:36
2 - 35% - 35% - 20:16
3 - 31% - 30% - 18:20
4 - 1% - 0% - 0:27
PP Forward
1 - 0% - 50%
2 - 0% - 50%
PP Defense
1 - 0% - 50%
2 - 0% - 50%
PK Forward
1 - 100% - 50% - 0:10
2 - 0% - 50% - 0:00
PK Defense
1 - 100% - 50% - 0:10
2 - 0% - 50% - 0:00
PK3 Forward
1 - 0% - 50%
2 - 0% - 50%
PK3 Defense
1 - 0% - 50%
2 - 0% - 50%
44 Forward
1 - 54% - 50% - 2:41
2 - 46% - 50% - 2:19
44 Defense
1 - 67% - 50% - 3:22
2 - 33% - 50% - 1:38
Last Minute Offensive - 1:11
Last Minute Defensive - 0:00
Total
Forward - 65:00
Defense - 65:00
|
Play-by-Play
1st period
0:01 of 1st period - Auston Matthews wins face-off versus Nathan MacKinnon in neutral zone.
0:04 of 1st period - Adam Larsson is hit by Bryan Rust.
0:17 of 1st period - Nathan MacKinnon is hit by Bryan Rust and loses puck.
0:57 of 1st period - Slapshot by Gabriel Landeskog.
0:57 of 1st period - Shot Misses the Net.
1:41 of 1st period - Snap shot by Jesper Fast.
1:41 of 1st period - Stopped by Igor Shesterkin without a rebound.
1:42 of 1st period - Nathan MacKinnon wins face-off versus Charles Hudon in New York Rangers zone.
3:38 of 1st period - Wrist shot by Pierre-Luc Dubois.
3:38 of 1st period - Stopped by Jake Allen with a rebound.
3:40 of 1st period - Backhand shot by Mikael Granlund.
3:40 of 1st period - Stopped by Jake Allen without a rebound.
3:41 of 1st period - Pierre-Luc Dubois wins face-off versus Elias Lindholm in Philadelphia Flyers zone.
3:42 of 1st period - Snap shot by Cole Caufield.
3:42 of 1st period - Shot Misses the Net.
3:44 of 1st period - Slapshot by Matthew Benning.
3:44 of 1st period - Shot Blocked by Artem Zub.
3:56 of 1st period - Snap shot by Pierre-Luc Dubois.
3:56 of 1st period - Deflect By Cole Caufield.
3:56 of 1st period - Stopped by Jake Allen with a rebound.
3:58 of 1st period - Slapshot by Mikael Granlund.
3:58 of 1st period - Shot Blocked by Artem Zub.
4:00 of 1st period - Wrist shot by Jake McCabe.
4:00 of 1st period - Shot Blocked by Artem Zub.
4:16 of 1st period - Snap shot by Cole Caufield.
4:16 of 1st period - Shot Blocked by Artem Zub.
4:18 of 1st period - Slapshot by Cam Fowler.
4:18 of 1st period - Stopped by Jake Allen with a rebound.
4:20 of 1st period - Slapshot by Adam Larsson.
4:20 of 1st period - Stopped by Jake Allen with a rebound.
4:26 of 1st period - Snap shot by Cole Caufield.
4:26 of 1st period - Stopped by Jake Allen without a rebound.
4:27 of 1st period - Nathan MacKinnon wins face-off versus Auston Matthews in Philadelphia Flyers zone.
4:32 of 1st period - Snap shot by Artemi Panarin.
4:32 of 1st period - Stopped by Jake Allen with a rebound.
5:23 of 1st period - Off-side.
5:24 of 1st period - Auston Matthews wins face-off versus Nathan MacKinnon in neutral zone.
5:27 of 1st period - Snap shot by Bryan Rust.
5:27 of 1st period - Shot Misses the Net.
5:29 of 1st period - Snap shot by Bryan Rust.
5:29 of 1st period - Stopped by Igor Shesterkin with a rebound.
5:31 of 1st period - Snap shot by Erik Gustafsson.
5:31 of 1st period - Stopped by Igor Shesterkin without a rebound.
5:32 of 1st period - Auston Matthews wins face-off versus Nathan MacKinnon in New York Rangers zone.
5:33 of 1st period - Wrist shot by Matt Duchene.
5:33 of 1st period - Stopped by Igor Shesterkin without a rebound.
5:34 of 1st period - Auston Matthews wins face-off versus Nathan MacKinnon in New York Rangers zone.
5:43 of 1st period - Snap shot by Mathew Barzal.
5:43 of 1st period - Shot Blocked by Matt Roy.
6:39 of 1st period - Snap shot by Nathan MacKinnon.
6:39 of 1st period - Stopped by Jake Allen without a rebound.
6:40 of 1st period - Charles Hudon wins face-off versus Pierre-Luc Dubois in Philadelphia Flyers zone.
7:19 of 1st period - Slapshot by Conor Garland.
7:19 of 1st period - Shot Blocked by Ben Chiarot.
7:35 of 1st period - Wrist shot by Gabriel Landeskog.
7:35 of 1st period - Stopped by Jake Allen with a rebound.
7:37 of 1st period - Slapshot by Mark Giordano.
7:37 of 1st period - Deflect By Gabriel Landeskog.
7:37 of 1st period - Shot Blocked by Justin Faulk.
7:37 of 1st period - Puck is out of play.
7:38 of 1st period - Tyler Johnson wins face-off versus Pierre-Luc Dubois in Philadelphia Flyers zone.
8:03 of 1st period - Pierre-Luc Dubois is hit by Artem Zub and loses puck.
8:34 of 1st period - Backhand shot by Andre Burakovsky.
8:34 of 1st period - Stopped by Jake Allen with a rebound.
8:36 of 1st period - Slapshot by Dmitry Kulikov.
8:36 of 1st period - Shot Misses the Net.
8:46 of 1st period - Slapshot by Tyler Johnson.
8:46 of 1st period - Stopped by Igor Shesterkin with a rebound.
9:12 of 1st period - Wrist shot by Cam Fowler.
9:12 of 1st period - Shot Misses the Net.
9:14 of 1st period - Slapshot by Cam Fowler.
9:14 of 1st period - Shot Misses the Net.
9:47 of 1st period - Wrist shot by Matt Duchene.
9:47 of 1st period - Stopped by Igor Shesterkin without a rebound.
9:48 of 1st period - Pierre-Luc Dubois wins face-off versus Matt Duchene in New York Rangers zone.
10:53 of 1st period - Snap shot by Matt Duchene.
10:53 of 1st period - Stopped by Igor Shesterkin without a rebound.
10:54 of 1st period - Nathan MacKinnon wins face-off versus Tyler Johnson in New York Rangers zone.
12:01 of 1st period - Marcus Johansson is hit by Nathan MacKinnon and loses puck.
12:30 of 1st period - Mark Giordano is hit by Ben Chiarot and loses puck.
12:49 of 1st period - Snap shot by Pierre-Luc Dubois.
12:49 of 1st period - Stopped by Jake Allen with a rebound.
13:05 of 1st period - Wrist shot by Conor Garland.
13:05 of 1st period - Stopped by Jake Allen with a rebound.
13:07 of 1st period - Slapshot by Matthew Benning.
13:07 of 1st period - Shot Blocked by Erik Gustafsson.
13:09 of 1st period - Snap shot by David Kampf.
13:09 of 1st period - Stopped by Jake Allen with a rebound.
13:11 of 1st period - Backhand shot by Matthew Benning.
13:11 of 1st period - Shot Blocked by Elias Lindholm.
13:13 of 1st period - Slapshot by Matthew Benning.
13:13 of 1st period - Stopped by Jake Allen without a rebound.
13:14 of 1st period - Radek Faksa wins face-off versus Nathan MacKinnon in Philadelphia Flyers zone.
13:46 of 1st period - Wrist shot by Marcus Johansson.
13:46 of 1st period - Stopped by Igor Shesterkin with a rebound.
13:48 of 1st period - Slapshot by Oliver Ekman-Larsson.
13:48 of 1st period - Stopped by Igor Shesterkin with a rebound.
13:50 of 1st period - Backhand shot by Radek Faksa.
13:50 of 1st period - Stopped by Igor Shesterkin with a rebound.
13:52 of 1st period - Snap shot by Radek Faksa.
13:52 of 1st period - Goal by Radek Faksa - New York Rangers : 0 - Philadelphia Flyers : 1.
13:53 of 1st period - Charles Hudon wins face-off versus Nathan MacKinnon in neutral zone.
14:08 of 1st period - Slapshot by Charles Hudon.
14:08 of 1st period - Stopped by Igor Shesterkin without a rebound.
14:09 of 1st period - Pierre-Luc Dubois wins face-off versus Elias Lindholm in New York Rangers zone.
14:09 of 1st period - Pierre-Luc Dubois is hit by Justin Faulk.
14:12 of 1st period - Icing by Mikael Granlund.
14:13 of 1st period - Pierre-Luc Dubois wins face-off versus Elias Lindholm in New York Rangers zone.
15:04 of 1st period - Backhand shot by Marcus Johansson.
15:04 of 1st period - Stopped by Igor Shesterkin with a rebound.
15:06 of 1st period - Slapshot by Justin Faulk.
15:06 of 1st period - Shot Misses the Net.
15:08 of 1st period - Snap shot by Marcus Johansson.
15:08 of 1st period - Shot Blocked by Adam Larsson.
15:34 of 1st period - Snap shot by Matt Duchene.
15:34 of 1st period - Stopped by Igor Shesterkin with a rebound.
15:36 of 1st period - Wrist shot by Bryan Rust.
15:36 of 1st period - Stopped by Igor Shesterkin without a rebound.
15:37 of 1st period - Nathan MacKinnon wins face-off versus Elias Lindholm in New York Rangers zone.
16:09 of 1st period - Snap shot by Pierre-Luc Dubois.
16:09 of 1st period - Stopped by Jake Allen without a rebound.
16:10 of 1st period - Pierre-Luc Dubois wins face-off versus Jesper Fast in Philadelphia Flyers zone.
16:15 of 1st period - Snap shot by Pierre-Luc Dubois.
16:15 of 1st period - Shot Misses the Net.
18:32 of 1st period - Off-side.
18:33 of 1st period - Nathan MacKinnon wins face-off versus Radek Faksa in neutral zone.
18:46 of 1st period - Snap shot by Mathew Barzal.
18:46 of 1st period - Stopped by Jake Allen without a rebound.
18:47 of 1st period - Elias Lindholm wins face-off versus Nathan MacKinnon in Philadelphia Flyers zone.
19:16 of 1st period - Matthew Benning is hit by Artem Zub and loses puck.
Goals for this period are 0 for New York Rangers vs 1 for Philadelphia Flyers.
Shots for this period are 16 for New York Rangers vs 15 for Philadelphia Flyers.
2nd period
0:01 of 2nd period - Elias Lindholm wins face-off versus Nathan MacKinnon in neutral zone.
0:26 of 2nd period - Matt Roy is hit by Gabriel Landeskog and loses puck.
0:56 of 2nd period - Icing by Marcus Johansson.
0:57 of 2nd period - Nathan MacKinnon wins face-off versus Marcus Johansson in Philadelphia Flyers zone.
1:44 of 2nd period - Snap shot by Marcus Johansson.
1:44 of 2nd period - Shot Misses the Net.
1:46 of 2nd period - Wrist shot by Erik Gustafsson.
1:46 of 2nd period - Deflect By Tyler Johnson.
1:46 of 2nd period - Shot Hit the Post.
1:46 of 2nd period - Puck is out of play.
1:47 of 2nd period - Vladimir Tarasenko wins face-off versus Nathan MacKinnon in New York Rangers zone.
1:52 of 2nd period - Snap shot by Vladimir Tarasenko.
1:52 of 2nd period - Stopped by Igor Shesterkin without a rebound.
1:53 of 2nd period - Elias Lindholm wins face-off versus Nathan MacKinnon in New York Rangers zone.
2:04 of 2nd period - Backhand shot by Vladimir Tarasenko.
2:04 of 2nd period - Deflect By Elias Lindholm.
2:04 of 2nd period - Stopped by Igor Shesterkin without a rebound.
2:05 of 2nd period - Auston Matthews wins face-off versus Nathan MacKinnon in New York Rangers zone.
3:46 of 2nd period - Snap shot by Auston Matthews.
3:46 of 2nd period - Stopped by Igor Shesterkin without a rebound.
3:47 of 2nd period - Filip Chytil wins face-off versus Elias Lindholm in New York Rangers zone.
3:52 of 2nd period - Slapshot by Andre Burakovsky.
3:52 of 2nd period - Stopped by Jake Allen with a rebound.
5:31 of 2nd period - Wrist shot by Matt Duchene.
5:31 of 2nd period - Goal by Matt Duchene - New York Rangers : 0 - Philadelphia Flyers : 2.
5:32 of 2nd period - Elias Lindholm wins face-off versus Filip Chytil in neutral zone.
5:47 of 2nd period - Snap shot by Jake McCabe.
5:47 of 2nd period - Stopped by Jake Allen without a rebound.
5:48 of 2nd period - Nathan MacKinnon wins face-off versus Auston Matthews in Philadelphia Flyers zone.
5:49 of 2nd period - Wrist shot by Mathew Barzal.
5:49 of 2nd period - Stopped by Jake Allen with a rebound.
6:07 of 2nd period - Artemi Panarin is hit by Auston Matthews.
6:51 of 2nd period - Cam Fowler is hit by Tyler Johnson.
7:09 of 2nd period - Snap shot by David Kampf.
7:09 of 2nd period - Goal by David Kampf - New York Rangers : 1 - Philadelphia Flyers : 2.
7:10 of 2nd period - Vladimir Tarasenko wins face-off versus Nathan MacKinnon in neutral zone.
7:25 of 2nd period - Slapshot by Matt Roy.
7:25 of 2nd period - Shot Blocked by Matthew Benning.
7:27 of 2nd period - Slapshot by Matt Roy.
7:27 of 2nd period - Shot Blocked by Matthew Benning.
7:39 of 2nd period - Slapshot by Tyler Johnson.
7:39 of 2nd period - Shot Misses the Net.
7:44 of 2nd period - Off-side.
7:45 of 2nd period - Auston Matthews wins face-off versus Filip Chytil in neutral zone.
9:44 of 2nd period - Icing by Oliver Ekman-Larsson.
9:45 of 2nd period - Elias Lindholm wins face-off versus Nathan MacKinnon in Philadelphia Flyers zone.
9:45 of 2nd period - Elias Lindholm is hit by Mathew Barzal.
9:59 of 2nd period - Backhand shot by Nathan MacKinnon.
9:59 of 2nd period - Goal by Nathan MacKinnon - New York Rangers : 2 - Philadelphia Flyers : 2.
10:00 of 2nd period - Auston Matthews wins face-off versus Nathan MacKinnon in neutral zone.
10:52 of 2nd period - Mikael Granlund is hit by Max Pacioretty and loses puck.
10:57 of 2nd period - Slapshot by Vladimir Tarasenko.
10:57 of 2nd period - Stopped by Igor Shesterkin without a rebound.
10:58 of 2nd period - Nathan MacKinnon wins face-off versus Auston Matthews in New York Rangers zone.
11:56 of 2nd period - Snap shot by Elias Lindholm.
11:56 of 2nd period - Shot Blocked by Matthew Benning.
12:22 of 2nd period - Snap shot by Conor Garland.
12:22 of 2nd period - Shot Blocked by Sonny Milano.
12:44 of 2nd period - Wrist shot by Sonny Milano.
12:44 of 2nd period - Stopped by Igor Shesterkin with a rebound.
12:46 of 2nd period - Snap shot by Oliver Ekman-Larsson.
12:46 of 2nd period - Shot Misses the Net.
12:48 of 2nd period - Snap shot by Artem Zub.
12:48 of 2nd period - Shot Misses the Net.
12:50 of 2nd period - Snap shot by Jesper Fast.
12:50 of 2nd period - Shot Misses the Net.
12:52 of 2nd period - Snap shot by Jesper Fast.
12:52 of 2nd period - Stopped by Igor Shesterkin without a rebound.
12:53 of 2nd period - Auston Matthews wins face-off versus Filip Chytil in New York Rangers zone.
13:08 of 2nd period - Snap shot by Gabriel Landeskog.
13:08 of 2nd period - Shot Blocked by Erik Gustafsson.
14:04 of 2nd period - Snap shot by Matt Duchene.
14:04 of 2nd period - Shot Blocked by Mark Giordano.
14:06 of 2nd period - Slapshot by Ben Chiarot.
14:06 of 2nd period - Shot Blocked by Mark Giordano.
14:41 of 2nd period - Mark Giordano is hit by Artem Zub and loses puck.
15:21 of 2nd period - Snap shot by Auston Matthews.
15:21 of 2nd period - Deflect By Matt Duchene.
15:21 of 2nd period - Shot Misses the Net.
15:21 of 2nd period - Puck is out of play.
15:22 of 2nd period - David Kampf wins face-off versus Auston Matthews in New York Rangers zone.
15:45 of 2nd period - David Kampf is hit by Auston Matthews and loses puck.
16:10 of 2nd period - Snap shot by Matt Duchene.
16:10 of 2nd period - Stopped by Igor Shesterkin with a rebound.
16:24 of 2nd period - Snap shot by Auston Matthews.
16:24 of 2nd period - Shot Hit the Post.
16:26 of 2nd period - Slapshot by Justin Faulk.
16:26 of 2nd period - Shot Blocked by Cam Fowler.
16:28 of 2nd period - Snap shot by Auston Matthews.
16:28 of 2nd period - Stopped by Igor Shesterkin with a rebound.
16:30 of 2nd period - Slapshot by Bryan Rust.
16:30 of 2nd period - Deflect By Auston Matthews.
16:30 of 2nd period - Shot Misses the Net.
16:30 of 2nd period - Puck is out of play.
16:31 of 2nd period - Radek Faksa wins face-off versus Nathan MacKinnon in New York Rangers zone.
16:32 of 2nd period - Wrist shot by Tyler Johnson.
16:32 of 2nd period - Stopped by Igor Shesterkin without a rebound.
16:33 of 2nd period - Nathan MacKinnon wins face-off versus Radek Faksa in New York Rangers zone.
16:42 of 2nd period - Slapshot by Marcus Johansson.
16:42 of 2nd period - Stopped by Igor Shesterkin with a rebound.
16:44 of 2nd period - Snap shot by Tyler Johnson.
16:44 of 2nd period - Shot Blocked by Mark Giordano.
16:46 of 2nd period - Slapshot by Matt Roy.
16:46 of 2nd period - Stopped by Igor Shesterkin without a rebound.
16:47 of 2nd period - Pierre-Luc Dubois wins face-off versus Charles Hudon in New York Rangers zone.
16:47 of 2nd period - Pierre-Luc Dubois is hit by Matt Roy.
16:53 of 2nd period - Snap shot by Pierre-Luc Dubois.
16:53 of 2nd period - Shot Misses the Net.
17:35 of 2nd period - Snap shot by Andre Burakovsky.
17:35 of 2nd period - Stopped by Jake Allen without a rebound.
17:36 of 2nd period - Elias Lindholm wins face-off versus Filip Chytil in Philadelphia Flyers zone.
17:41 of 2nd period - Slapshot by Gabriel Landeskog.
17:41 of 2nd period - Stopped by Jake Allen with a rebound.
18:08 of 2nd period - Slapshot by Tyler Johnson.
18:08 of 2nd period - Stopped by Igor Shesterkin without a rebound.
18:09 of 2nd period - Pierre-Luc Dubois wins face-off versus Charles Hudon in New York Rangers zone.
18:09 of 2nd period - Pierre-Luc Dubois is hit by Charles Hudon.
18:47 of 2nd period - Snap shot by Elias Lindholm.
18:47 of 2nd period - Stopped by Igor Shesterkin without a rebound.
18:48 of 2nd period - Radek Faksa wins face-off versus Pierre-Luc Dubois in New York Rangers zone.
19:20 of 2nd period - Snap shot by Matt Roy.
19:20 of 2nd period - Deflect By Jesper Fast.
19:20 of 2nd period - Shot Misses the Net.
19:20 of 2nd period - Puck is out of play.
19:21 of 2nd period - Nathan MacKinnon wins face-off versus Charles Hudon in New York Rangers zone.
19:46 of 2nd period - Off-side.
19:47 of 2nd period - Filip Chytil wins face-off versus Elias Lindholm in neutral zone.
Goals for this period are 2 for New York Rangers vs 1 for Philadelphia Flyers.
Shots for this period are 7 for New York Rangers vs 14 for Philadelphia Flyers.
3rd period
0:01 of 3rd period - Auston Matthews wins face-off versus Nathan MacKinnon in neutral zone.
0:12 of 3rd period - Slapshot by Matt Duchene.
0:12 of 3rd period - Shot Blocked by Mathew Barzal.
0:31 of 3rd period - Slapshot by Erik Gustafsson.
0:31 of 3rd period - Shot Blocked by Cam Fowler.
2:58 of 3rd period - Jesper Fast is hit by Adam Larsson and loses puck.
3:39 of 3rd period - Wrist shot by Gabriel Landeskog.
3:39 of 3rd period - Stopped by Jake Allen with a rebound.
3:41 of 3rd period - Slapshot by Matthew Benning.
3:41 of 3rd period - Stopped by Jake Allen with a rebound.
4:01 of 3rd period - Slapshot by Oliver Ekman-Larsson.
4:01 of 3rd period - Shot Misses the Net.
4:43 of 3rd period - Slapshot by Dmitry Kulikov.
4:43 of 3rd period - Shot Misses the Net.
4:57 of 3rd period - Backhand shot by Andre Burakovsky.
4:57 of 3rd period - Shot Misses the Net.
5:14 of 3rd period - Off-side.
5:15 of 3rd period - Matt Duchene wins face-off versus David Kampf in neutral zone.
5:30 of 3rd period - Slapshot by Auston Matthews.
5:30 of 3rd period - Deflect By Matt Duchene.
5:30 of 3rd period - Shot Misses the Net.
5:30 of 3rd period - Puck is out of play.
5:31 of 3rd period - Nathan MacKinnon wins face-off versus Radek Faksa in New York Rangers zone.
5:31 of 3rd period - Nathan MacKinnon is hit by Oliver Ekman-Larsson.
5:43 of 3rd period - Slapshot by Tyler Johnson.
5:43 of 3rd period - Goal by Tyler Johnson - New York Rangers : 2 - Philadelphia Flyers : 3.
5:44 of 3rd period - Radek Faksa wins face-off versus Nathan MacKinnon in neutral zone.
5:59 of 3rd period - Slapshot by Marcus Johansson.
5:59 of 3rd period - Shot Misses the Net.
6:16 of 3rd period - Dmitry Kulikov is hit by Sonny Milano.
6:42 of 3rd period - Snap shot by Gabriel Landeskog.
6:42 of 3rd period - Shot Misses the Net.
7:20 of 3rd period - Snap shot by Nathan MacKinnon.
7:20 of 3rd period - Shot Misses the Net.
7:34 of 3rd period - Matt Roy is hit by Pierre-Luc Dubois and loses puck.
7:38 of 3rd period - Icing by Erik Gustafsson.
7:39 of 3rd period - Radek Faksa wins face-off versus Pierre-Luc Dubois in Philadelphia Flyers zone.
8:06 of 3rd period - Wrist shot by Artem Zub.
8:06 of 3rd period - Stopped by Igor Shesterkin without a rebound.
8:07 of 3rd period - Jesper Fast wins face-off versus Artemi Panarin in New York Rangers zone.
8:08 of 3rd period - Snap shot by Sonny Milano.
8:08 of 3rd period - Stopped by Igor Shesterkin without a rebound.
8:09 of 3rd period - Charles Hudon wins face-off versus Nathan MacKinnon in New York Rangers zone.
8:10 of 3rd period - Snap shot by Sonny Milano.
8:10 of 3rd period - Stopped by Igor Shesterkin without a rebound.
8:11 of 3rd period - Nathan MacKinnon wins face-off versus Charles Hudon in New York Rangers zone.
9:21 of 3rd period - Bryan Rust is hit by Matthew Benning.
9:48 of 3rd period - Oliver Ekman-Larsson is hit by Nathan MacKinnon and loses puck.
10:09 of 3rd period - Backhand shot by Pierre-Luc Dubois.
10:09 of 3rd period - Stopped by Jake Allen with a rebound.
10:11 of 3rd period - Backhand shot by Pierre-Luc Dubois.
10:11 of 3rd period - Goal by Pierre-Luc Dubois - New York Rangers : 3 - Philadelphia Flyers : 3.
10:12 of 3rd period - Nathan MacKinnon wins face-off versus Elias Lindholm in neutral zone.
10:28 of 3rd period - Oliver Ekman-Larsson is hit by Mathew Barzal and loses puck.
10:42 of 3rd period - Elias Lindholm is hit by Nathan MacKinnon and loses puck.
10:55 of 3rd period - Snap shot by Elias Lindholm.
10:55 of 3rd period - Shot Misses the Net.
11:15 of 3rd period - Wrist shot by Elias Lindholm.
11:15 of 3rd period - Stopped by Igor Shesterkin with a rebound.
11:17 of 3rd period - Wrist shot by Max Pacioretty.
11:17 of 3rd period - Shot Misses the Net.
11:19 of 3rd period - Slapshot by Artem Zub.
11:19 of 3rd period - Shot Misses the Net.
11:21 of 3rd period - Wrist shot by Max Pacioretty.
11:21 of 3rd period - Shot Misses the Net.
12:44 of 3rd period - Dmitry Kulikov is hit by Artem Zub.
12:48 of 3rd period - Wrist shot by Mathew Barzal.
12:48 of 3rd period - Stopped by Jake Allen without a rebound.
12:48 of 3rd period - Minor Penalty to Jake Allen for Slashing.
12:49 of 3rd period - Mikael Granlund wins face-off versus Radek Faksa in Philadelphia Flyers zone.
12:58 of 3rd period - Slapshot by Gabriel Landeskog.
12:58 of 3rd period - Goal by Gabriel Landeskog - New York Rangers : 4 - Philadelphia Flyers : 3.
12:59 of 3rd period - Bryan Rust wins face-off versus Pierre-Luc Dubois in neutral zone.
13:12 of 3rd period - Wrist shot by Pierre-Luc Dubois.
13:12 of 3rd period - Stopped by Jake Allen with a rebound.
13:39 of 3rd period - Snap shot by David Kampf.
13:39 of 3rd period - Deflect By Auston Matthews.
13:39 of 3rd period - Stopped by Jake Allen with a rebound.
13:44 of 3rd period - Off-side.
13:45 of 3rd period - Filip Chytil wins face-off versus Radek Faksa in neutral zone.
13:52 of 3rd period - Wrist shot by Filip Chytil.
13:52 of 3rd period - Deflect By Gabriel Landeskog.
13:52 of 3rd period - Shot Misses the Net.
13:52 of 3rd period - Puck is out of play.
13:53 of 3rd period - Filip Chytil wins face-off versus Radek Faksa in Philadelphia Flyers zone.
14:28 of 3rd period - Snap shot by Andre Burakovsky.
14:28 of 3rd period - Stopped by Jake Allen without a rebound.
14:29 of 3rd period - Pierre-Luc Dubois wins face-off versus Charles Hudon in Philadelphia Flyers zone.
14:46 of 3rd period - Snap shot by Cole Caufield.
14:46 of 3rd period - Stopped by Jake Allen with a rebound.
15:25 of 3rd period - Snap shot by Elias Lindholm.
15:25 of 3rd period - Stopped by Igor Shesterkin with a rebound.
15:27 of 3rd period - Snap shot by Vladimir Tarasenko.
15:27 of 3rd period - Stopped by Igor Shesterkin with a rebound.
15:29 of 3rd period - Wrist shot by Max Pacioretty.
15:29 of 3rd period - Shot Misses the Net.
15:41 of 3rd period - Snap shot by Gabriel Landeskog.
15:41 of 3rd period - Shot Misses the Net.
15:50 of 3rd period - Off-side.
15:51 of 3rd period - Pierre-Luc Dubois wins face-off versus Charles Hudon in neutral zone.
15:58 of 3rd period - Snap shot by Mikael Granlund.
15:58 of 3rd period - Stopped by Jake Allen with a rebound.
16:27 of 3rd period - Wrist shot by Tyler Johnson.
16:27 of 3rd period - Stopped by Igor Shesterkin with a rebound.
16:39 of 3rd period - Gabriel Landeskog is hit by Max Pacioretty and loses puck.
17:24 of 3rd period - Pierre-Luc Dubois is hit by Erik Gustafsson.
18:15 of 3rd period - Philadelphia Flyers, Jake Allen is pulled from the net.
19:21 of 3rd period - Wrist shot by David Kampf.
19:21 of 3rd period - Shot Blocked by Justin Faulk.
19:47 of 3rd period - Snap shot by Matt Duchene.
19:47 of 3rd period - Shot Misses the Net.
19:49 of 3rd period - Snap shot by Elias Lindholm.
19:49 of 3rd period - Shot Misses the Net.
19:51 of 3rd period - Snap shot by Matt Duchene.
19:51 of 3rd period - Shot Misses the Net.
19:53 of 3rd period - Snap shot by Matt Duchene.
19:53 of 3rd period - Shot Blocked by Mikael Granlund.
19:55 of 3rd period - Wrist shot by Elias Lindholm.
19:55 of 3rd period - Shot Misses the Net.
19:57 of 3rd period - Snap shot by Matt Duchene.
19:57 of 3rd period - Goal by Matt Duchene - New York Rangers : 4 - Philadelphia Flyers : 4.
19:57 of 3rd period - Jake Allen from Philadelphia Flyers was sent back in the game.
19:58 of 3rd period - Tyler Johnson wins face-off versus Pierre-Luc Dubois in neutral zone.
Goals for this period are 2 for New York Rangers vs 2 for Philadelphia Flyers.
Shots for this period are 11 for New York Rangers vs 9 for Philadelphia Flyers.
Overtime #1
0:01 of 1st overtime period - Auston Matthews wins face-off versus Nathan MacKinnon in neutral zone.
0:04 of 1st overtime period - Slapshot by Justin Faulk.
0:04 of 1st overtime period - Stopped by Igor Shesterkin with a rebound.
0:07 of 1st overtime period - Icing by Cam Fowler.
0:08 of 1st overtime period - Auston Matthews wins face-off versus Nathan MacKinnon in New York Rangers zone.
0:25 of 1st overtime period - Wrist shot by Nathan MacKinnon.
0:25 of 1st overtime period - Shot Misses the Net.
1:09 of 1st overtime period - Slapshot by Adam Larsson.
1:09 of 1st overtime period - Stopped by Jake Allen without a rebound.
1:10 of 1st overtime period - Elias Lindholm wins face-off versus Mathew Barzal in Philadelphia Flyers zone.
2:02 of 1st overtime period - Tyler Johnson is hit by Gabriel Landeskog and loses puck.
3:21 of 1st overtime period - Oliver Ekman-Larsson is hit by Mathew Barzal and loses puck.
4:53 of 1st overtime period - Erik Gustafsson is hit by Gabriel Landeskog and loses puck.
Goals for this period are 0 for New York Rangers vs 0 for Philadelphia Flyers.
Shots for this period are 1 for New York Rangers vs 1 for Philadelphia Flyers.
ShootOut
5:00 of 1st overtime period - Round #1.
5:00 of 1st overtime period - New York Rangers, Artemi Panarin.
5:00 of 1st overtime period - Deke by Artemi Panarin.
5:00 of 1st overtime period - Shot Misses the Net.
5:00 of 1st overtime period - Philadelphia Flyers, Auston Matthews.
5:00 of 1st overtime period - Wrist shot by Auston Matthews.
5:00 of 1st overtime period - Goal by Auston Matthews.
5:00 of 1st overtime period - Round #2.
5:00 of 1st overtime period - New York Rangers, Mikael Granlund.
5:00 of 1st overtime period - Snap shot by Mikael Granlund.
5:00 of 1st overtime period - Stopped by Jake Allen.
5:00 of 1st overtime period - Philadelphia Flyers, Matt Duchene.
5:00 of 1st overtime period - Backhand shot by Matt Duchene.
5:00 of 1st overtime period - Shot Misses the Net.
5:00 of 1st overtime period - Round #3.
5:00 of 1st overtime period - New York Rangers, Pierre-Luc Dubois.
5:00 of 1st overtime period - Wrist shot by Pierre-Luc Dubois.
5:00 of 1st overtime period - Goal by Pierre-Luc Dubois.
5:00 of 1st overtime period - Philadelphia Flyers, Max Pacioretty.
5:00 of 1st overtime period - Snap shot by Max Pacioretty.
5:00 of 1st overtime period - Shot Misses the Net.
5:00 of 1st overtime period - Round #4.
5:00 of 1st overtime period - New York Rangers, Mark Giordano.
5:00 of 1st overtime period - Wrist shot by Mark Giordano.
5:00 of 1st overtime period - Shot Misses the Net.
5:00 of 1st overtime period - Philadelphia Flyers, Elias Lindholm.
5:00 of 1st overtime period - Backhand shot by Elias Lindholm.
5:00 of 1st overtime period - Stopped by Igor Shesterkin.
5:00 of 1st overtime period - Round #5.
5:00 of 1st overtime period - New York Rangers, Nathan MacKinnon.
5:00 of 1st overtime period - Deke by Nathan MacKinnon.
5:00 of 1st overtime period - Goal by Nathan MacKinnon.
5:00 of 1st overtime period - Philadelphia Flyers, Vladimir Tarasenko.
5:00 of 1st overtime period - Snap shot by Vladimir Tarasenko.
5:00 of 1st overtime period - Shot Misses the Net.
Back to the Top